 Dungeon Crawl Stone Soup version 0.29.1-1-gd02db6906a (webtiles) character file.

Game seed: 8356484933059337637

14 FastidiousMonk the Vexing (level 2, -1/20 HPs)
             Began as a Human Enchanter on Oct 4, 2022.
             Slain by a gnoll
             ... wielding a +0 whip
              (8 damage)
             ... on level 1 of the Dungeon.
             The game lasted 00:04:06 (790 turns).

FastidiousMonk the Vexing (Human Enchanter)          Turns: 790, Time: 00:04:06

Health: -1/20      AC:  2    Str:  8    XL:     2   Next: 60%
Magic:  5/5        EV: 12    Int: 15    God:
Gold:   30         SH:  0    Dex: 13    Spells: 5/5 levels left

rFire   . . .      SeeInvis .   a - +1 dagger
rCold   . . .      Faith    .   (no shield)
rNeg    . . .      Spirit   .   d - +0 robe
rPois   .          Reflect  .   (no helmet)
rElec   .          Harm     .   (no cloak)
rCorr   .          Rampage  .   (no gloves)
Will    .....                   (no boots)
Stlth   ++........              (no amulet)
HPRegen 0.06/turn               (no ring)
MPRegen 0.09/turn               (no ring)

@: no status effects
A: no striking features
a: no special abilities


You were on level 1 of the Dungeon.
You visited 1 branch of the dungeon, and saw 1 of its levels.

You collected 30 gold pieces.

Inventory:

Hand Weapons
 a - a +1 dagger (weapon)
 b - a +0 sling
Missiles
 e - 9 stones (quivered)
Armour
 d - a +0 robe (worn)
Potions
 c - 2 potions of invisibility


   Skills:
 + Level 0.8 Fighting
 + Level 1.3 Short Blades
 - Level 2.0 Dodging
 - Level 3.0 Stealth
 + Level 2.2 Spellcasting
 + Level 3.2 Hexes


You had 5 spell levels left.
You didn't know any spells.
Your spell library contained the following spells:

 Spells                   Type           Power      Damage    Failure   Level
 Ensorcelled Hibernation  Hex/Ice        12%        N/A       17%         2
 Confusing Touch          Hex            11%        N/A       17%         3
 Tukima's Dance           Hex            11%        N/A       17%         3
 Dazzling Flash           Conj/Hex       12%        N/A       34%         3


Dungeon Overview and Level Annotations

Branches:
Dungeon (1/15)

Altars:

Shops:
D:1 (

Annotations:
D:1 poorShop


Message History

HP restored.
e - 9 stones (gained 4)
Found a stone staircase leading down.
A goblin comes into view. It is wielding a +0 dagger.
A goblin is nearby!
You start waiting.
A goblin is nearby!
The goblin shouts!
You hear a shout!
The goblin attacks as you move away! The goblin hits you but does no damage.
You miss the goblin. The goblin closely misses you.
You miss the goblin. The goblin hits you with a +0 dagger.
You miss the goblin. The goblin hits you with a +0 dagger.
You barely miss the goblin. The goblin barely misses you.
You barely miss the goblin. You hit the goblin.
The goblin is moderately wounded.
The goblin hits you but does no damage.
You hit the goblin.
You kill the goblin!
You barely miss the kobold. The kobold misses you.
You barely miss the kobold. The kobold hits you but does no damage.
You hit the kobold.
You kill the kobold!
You closely miss the gnoll. The gnoll hits you with a +0 whip.
You hit the gnoll.
The gnoll is lightly wounded.
The gnoll barely misses you.
You closely miss the gnoll.
The gnoll is lightly wounded.
The gnoll hits you with a +0 whip.
You completely miss the gnoll.
The gnoll is lightly wounded.
The gnoll hits you with a +0 whip.
You barely miss the gnoll.
The gnoll is lightly wounded.
The gnoll hits you with a +0 whip.
You closely miss the gnoll.
The gnoll is lightly wounded.
The gnoll hits you with a +0 whip!
You die...

#..#
##.##.8.8.8........
##.#
#.##..⌠.⌠..#.#.##.
#.#
#.##.8.∩.8.#...###
#.#
#.##..⌠.⌠...#...##
#.#
#.##.8.8.8#.#....#
#.#
#.#########.......
#.# #.# ###......
#.####.# #........
#....#@# #.#.)..##
####.#g#####
#.##..### #.......##
#)##.## ##.......#
#.##..# #
#.........##.#...###
#.........##K##.....
#.........##.#......
#.........##.#...†..
#................##.


You could see a gnoll.

Vanquished Creatures
  A dart slug (D:1)
  An endoplasm (D:1)
  4 goblins (D:1)
  A quokka (D:1)
  A ball python (D:1)
  A bat (D:1)
  2 kobolds (D:1)
  A rat (D:1)
12 creatures vanquished.

Notes
Turn   | Place    | Note
-------+----------+-------------------------------------------
     0 | D:1      | FastidiousMonk the Human Enchanter began the quest for the
                  | Orb.
     0 | D:1      | Reached XP level 1. HP: 13/13 MP: 3/3
   105 | D:1      | Found Leeriggo's Antique Weapon Emporium.
   230 | D:1      | Reached XP level 2. HP: 12/20 MP: 5/5
   445 | D:1      | Found a faded altar of an unknown god.
   790 | D:1      | Slain by a gnoll

Illustrated notes

Levels and vault maps discovered:
D:1:      dpeg_arrival_arbitrary_b, layout_rooms,
          shapermc_ecumenical_altar_notcrosses, serial_shops,
          nicolae_shop_temple_entry_statues_fountains

Action                   || total
-------------------------++-------
Melee: Dagger            ||    52
 Stab: Sleeping          ||     3
Armor: Robe              ||     7
Dodge: Dodged            ||    20
